 Dungeon Crawl Stone Soup version 0.23.1 (webtiles) character file.

Game seed: 4316709691805256834

20 Chiseanne the Skirmisher (level 2, 0/29 HPs)
             Began as a Draconian Wanderer on Mar 7, 2019.
             Slain by a kobold
             ... wielding a +0 short sword
              (5 damage)
             ... on level 2 of the Dungeon.
             The game lasted 00:03:14 (732 turns).

Chiseanne the Skirmisher (Draconian Wanderer)        Turns: 732, Time: 00:03:14

Health: 0/29       AC:  4    Str: 15    XL:     2   Next: 58%
Magic:  5/5        EV: 11    Int: 12    God:
Gold:   47         SH:  0    Dex:  9    Spells: 5/5 levels left

rFire    . . .     SeeInvis .   a - +0 mace
rCold    . . .     Gourm    .   (no shield)
rNeg     . . .     Faith    .   (armour unavailable)
rPois    .         Spirit   .   (helmet restricted)
rElec    .         Reflect  .   (no cloak)
rCorr    .         Harm     .   (no gloves)
MR       .....                  (no boots)
Stlth    +.........             (no amulet)
HPRegen  0.09/turn              (no ring)
MPRegen  0.09/turn              (no ring)

@: lethally poisoned (0 -> -6)
A: unfitting armour, cold-blooded, AC +4
a: no special abilities


You were on level 2 of the Dungeon.
You were not hungry.

You visited 1 branch of the dungeon, and saw 2 of its levels.

You collected 47 gold pieces.

Inventory:

Hand Weapons
 a - a +0 mace (weapon)
 w - a +2 blowgun
Missiles
 b - 16 poisoned needles
 d - 2 curare-tipped needles
 e - 56 stones (quivered)
 j - 18 sling bullets
Scrolls
 l - a scroll of remove curse
Potions
 c - 2 potions of might
 g - a potion of brilliance {unknown}
 i - a potion of heal wounds {unknown}
 m - a potion of flight {unknown}
Comestibles
 f - 2 rations
 h - a chunk of flesh


   Skills:
 * Level 5.2 Fighting
 - Level 1.0 Maces & Flails
 - Level 1.0 Throwing
   Level 1.0 Shields
 - Level 2.0 Spellcasting
   Level 1.0 Transmutations


You had 5 spell levels left.
You didn't know any spells.
Your spell library contained the following spells:

 Spells                   Type           Power        Failure   Level  Hunger
 Sticks to Snakes         Tmut           #.......     26%         2    ###....
 Passwall                 Tmut/Erth      #.......     32%         2    ###....


Dungeon Overview and Level Annotations

Branches:
Dungeon (2/15)

Altars:


Innate Abilities, Weirdness & Mutations

Your plain brown scales are hard. (AC +4)
You cannot fit into any form of body armour.
You are cold-blooded and may be slowed by cold attacks.


Message History

The kobold closely misses you.
You miss the adder.
The adder is heavily wounded.
The adder bites you.
The kobold hits you with a +0 short sword.
The adder bites you but does no damage. The kobold hits you.
You barely miss the adder.
The adder is heavily wounded.
The adder bites you.
You are poisoned.
The adder poisons you! The kobold closely misses you. The kobold hits you.
The kobold hits you with a +0 short sword.
The adder bites you.
* * * LOW HITPOINT WARNING * * *
You hit the adder.
Your tail-slap misses the adder.
The adder is almost dead.
* * * LOW HITPOINT WARNING * * *
You feel sick. The adder barely misses you. The kobold closely misses you.
The kobold hits you with a +0 short sword.
You die...

..............
..................
..................
..................
.........#.......
.###......#...>...
............w.#....>..
....####....KK......#
... #..##.@S.....( #..
#).##.........
#..####..#..........
#..#.......##..#....
#...........#..# ...
#....##......... ..
#...##........... .
#...##..####(#.(.(
#.##...##.## .#


You could see a worm, an adder and 2 kobolds.

Vanquished Creatures
  An ooze (D:1)
  A leopard gecko (D:2)
  A ball python (D:1)
  3 goblins
  2 hobgoblins (D:1)
  A kobold (D:1)
  4 bats (D:1)
  A rat (D:1)
14 creatures vanquished.

Notes
Turn   | Place    | Note
-------+----------+-------------------------------------------
     0 | D:1      | Chiseanne the Draconian Wanderer began the quest for the
                  | Orb.
     0 | D:1      | Chiseanne set off with the following items: 2 curare-tipped
                  | needles, a +2 blowgun, a +0 mace, a ration; and the
                  | following spells available to memorise: Sticks to Snakes,
                  | Passwall
     0 | D:1      | Reached XP level 1. HP: 22/22 MP: 3/3
   260 | D:1      | Reached XP level 2. HP: 27/28 MP: 5/5
   283 | D:1      | Reached skill level 5 in Fighting
   732 | D:2      | Slain by a kobold

Skill      XL: |  1  2 |
---------------+-------+-----
Fighting       | 5 |  5.2
Maces & Flails | |  1.0
Throwing       | |  1.0
Shields        | |  1.0
Spellcasting   | |  2.0
Transmutations | |  1.0

Action                   || total
-------------------------++-------
Melee: Mace              ||    54
       Tailslap          ||     6
  Use: Scroll            ||     5
Armor: Skin              ||    27
Dodge: Dodged            ||    51
